 Dungeon Crawl Stone Soup version 0.27-a0-1191-g601b473118 (webtiles) character file.

Game seed: 11324028126105242854

38 wayreth the Skirmisher (level 3, -2/37 HPs)
             Began as a Troll Berserker on May 23, 2021.
             Was a Follower of Trog.
             Slain by a gnoll
             ... wielding a +2 whip of electrocution
              (13 damage)
             ... on level 2 of the Dungeon.
             The game lasted 00:02:09 (1545 turns).

wayreth the Skirmisher (Troll Berserker)            Turns: 1545, Time: 00:02:09

Health: -2/37      AC:  5    Str: 26    XL:     3   Next: 25%
Magic:  2/2        EV: 10    Int:  3    God:    Trog [*.....]
Gold:   39         SH:  0    Dex:  9    Spells: 2/2 levels left

rFire    . . .     SeeInvis .     - Unarmed
rCold    . . .     Faith    .   (no shield)
rNeg     . . .     Spirit   .   a - +0 animal skin
rPois    .         Reflect  .   (helmet restricted)
rElec    .         Harm     .   g - +0 cloak
rCorr    .         Rampage  .   (gloves unavailable)
Will     .....                  (boots unavailable)
Stlth    +.........             (no amulet)
HPRegen  1.12/turn              (no ring)
MPRegen  0.08/turn              (no ring)

@: no status effects
A: large, unfitting armour, claws 3, regeneration 1, shaggy fur 1, tough skin 1
a: Renounce Religion, Berserk


You were on level 2 of the Dungeon.
You worshipped Trog.
Trog was aware of your devotion.
You visited 1 branch of the dungeon, and saw 3 of its levels.

You collected 39 gold pieces.

Inventory:

Armour
 a - a +0 animal skin (worn)
 g - a +0 cloak (worn)
Scrolls
 b - a scroll of fog {unknown}
 c - a scroll of vulnerability {unknown}
 d - 2 scrolls of magic mapping {unknown}
 e - 4 scrolls of identify {unknown}
 f - a scroll of brand weapon {unknown}
 i - a scroll of amnesia {unknown}
 j - a scroll of enchant armour {unknown}
Potions
 h - a potion of attraction {unknown}


   Skills:
 * Level 3.6 Fighting
 - Level 2.4 Dodging
 - Level 3.0 Unarmed Combat


You had 2 spell levels left.
You didn't know any spells.
Your spell library was empty.

Dungeon Overview and Level Annotations

Branches:
Dungeon (3/15)

Altars:
Yredelemnul


Innate Abilities, Weirdness & Mutations

You are too large for most types of armour.
You have claws for hands.
Your natural rate of healing is unusually fast.
You are covered in fur. (AC +1)
You have tough skin. (AC +1)


Message History

The bat closely misses you. The bat hits you but does no damage.
The bat completely misses you. The bat hits you.
The bat hits you but does no damage. The bat hits you but does no damage.
The bat hits you. The bat misses you. The bat hits you but does no damage.
The bat hits you but does no damage. The bat hits you.
The bat barely misses you. The bat barely misses you. x2
The bat barely misses you. The bat hits you but does no damage.
The bat barely misses you. The bat barely misses you.
The bat hits you but does no damage.
There is a stone staircase leading up here.
No target in view!
The bat hits you but does no damage. The bat hits you but does no damage.
You claw the bat!
You kill the bat!
Trog accepts your kill.
The gnoll hits you from afar with a +0 halberd.
You claw the frilled lizard!
You kill the frilled lizard!
Trog accepts your kill.
The gnoll hits you from afar with a +0 halberd!
The gnoll hits you with a +2 whip of electrocution.
You are electrocuted!
* * * LOW HITPOINT WARNING * * *
The gnoll closely misses you.
You climb upwards.
There is a stone staircase leading down here.
You scratch the gnoll.
The gnoll is heavily wounded.
You closely miss the gnoll.
The gnoll is heavily wounded.
The gnoll hits you with a +2 whip of electrocution.
* * * LOW HITPOINT WARNING * * *
You are electrocuted!
You die...

########### #####
#########
#.........# ....#
#.......#
#.#######.#### ###.#
#.#####.#
###.###......... #.#
#.#
#.###.......###.###.
#.# #.#
#..@g#....### #.# #.
#.# #.# #.###......#
#.###. ###.#
#.#####.#
###...#####.....
....# #.......#
#..........##. #.###
####.####
##.#######.... ##.##
#.# #.# #.... ##.###
##.# ##'## #.###
##....# #..# ##...##
#.# #.###.# #.##
##....>## #.###


You could see a gnoll.

Vanquished Creatures
  An adder (D:2)
  2 dart slugs
  3 endoplasms
  A giant cockroach (D:2)
  5 goblins
  A hobgoblin (D:2)
  A quokka (D:2)
  3 ball pythons (D:2)
  A bat (D:3)
  2 frilled lizards
  3 kobolds (D:2)
  4 rats
27 creatures vanquished.

Notes
Turn   | Place    | Note
-------+----------+-------------------------------------------
     0 | D:1      | wayreth the Troll Berserker began the quest for the Orb.
     0 | D:1      | Reached XP level 1. HP: 22/22 MP: 0/0
   327 | D:1      | Found a faded altar of an unknown god.
   721 | D:2      | Found a basalt altar of Yredelemnul.
   858 | D:2      | Reached XP level 2. HP: 29/29 MP: 1/1
  1101 | D:2      | Reached XP level 3. HP: 37/37 MP: 2/2
  1545 | D:2      | Slain by a gnoll

Illustrated notes

Levels and vault maps discovered:
D:1:      nagdon_arrival_double_spiral, layout_loops_ring,
          ebering_ecumenical_altar_petrified, minmay_misc_feat_plants,
          kennysheep_pointless_box
D:2:      layout_loops_corners, basic_altar, chequers_avenue
D:3:      layout_basic, st_stairs_7

Skill      XL: |  1  2 |
---------------+-------+-----
Fighting       | 3 |  3.6
Dodging        | |  2.4
Unarmed Combat | |  3.0

Action                   || total
-------------------------++-------
Melee: Unarmed           ||    56
       Punch             ||     1
Armor: Animal skin       ||    22
Dodge: Dodged            ||    32

Table legend: (Time is in decaauts)
 A = Elapsed time spent in this place.
 B = Non-inter-level travel time spent in this place.
 C = Inter-level travel time spent in this place.
 D = Time resting spent in this place.
 E = Time spent auto-exploring this place.
 F = Levels seen in this place.
 G = Mean time per level.
                   A        B        C        D        E       F      G
               +--------+--------+--------+--------+--------+-----+--------+
         Total |   1541 |   1496 |     45 |      0 |   1317 |   3 |  513.7 |
       Dungeon |   1541 |   1496 |     45 |      0 |   1317 |   3 |  513.7 |
               +--------+--------+--------+--------+--------+-----+--------+

Top non-repeatable levels by time:
     D:2: 857 daAuts
     D:1: 622 daAuts
     D:3: 61 daAuts
